 Dungeon Crawl Stone Soup version 0.29.1-12-g30fa7ad0bf (webtiles) character file.

Game seed: 559655435172301344

109 Gabide the Trooper (level 4, 0/37 HPs)
             Began as a Mummy Berserker on Dec 22, 2022.
             Was a Believer of Trog.
             Slain by a gnoll
             ... wielding a +0 spear
              (2 damage)
             ... on level 3 of the Dungeon.
             The game lasted 00:02:09 (3731 turns).

Gabide the Trooper (Mummy Berserker)                Turns: 3731, Time: 00:02:10

Health: 0/37       AC:  5    Str: 22    XL:     4   Next: 60%
Magic:  4/4        EV: 11    Int:  6    God:    Trog [**....]
Gold:   131        SH:  0    Dex: 11    Spells: 3/3 levels left

rFire   x . .      SeeInvis .     - Unarmed
rCold   + . .      Faith    .   (no shield)
rNeg    + + +      Spirit   .   c - +0 ring mail
rPois   ∞          Reflect  .   (no helmet)
rElec   .          Harm     .   (no cloak)
rCorr   .          Rampage  .   (no gloves)
Will    +....                   (no boots)
Stlth   +.........              (no amulet)
HPRegen 0.12/turn               d - ring of willpower
MPRegen 0.09/turn               (no ring)

@: no status effects
A: cold resistance 1, negative energy resistance 3, torment resistance 2, heat
vulnerability 1, in touch with death 1, no potions
a: Renounce Religion, Trog's Hand


You were on level 3 of the Dungeon.
You worshipped Trog.
Trog was pleased with you.
You visited 1 branch of the dungeon, and saw 3 of its levels.

You collected 131 gold pieces.

Inventory:

Armour
 c - a +0 ring mail (worn)
Jewellery
 d - a ring of willpower (left hand)
Scrolls
 a - a scroll of summoning
 b - 3 scrolls of blinking {unknown}
 e - 2 scrolls of teleportation
 f - a scroll of fear


   Skills:
 * Level 4.1 Fighting
 - Level 1.5 Armour
 + Level 2.2 Dodging
 * Level 3.4 Unarmed Combat


You had 3 spell levels left.
You didn't know any spells.
Your spell library was empty.

Dungeon Overview and Level Annotations

Branches:
Dungeon (3/15)

Altars:


Innate Abilities, Weirdness & Mutations

You are immune to poison.
Your flesh is cold resistant. (rC+)
You are immune to negative energy. (rN+++)
You are immune to unholy pain and torment.
You are vulnerable to heat. (rF-)
You are in touch with the powers of death.
You do not drink.


Message History

The gnoll barely misses you. The gnoll hits you but does no damage.
You hit the gnoll.
The gnoll is lightly wounded.
The gnoll hits you from afar with a +0 halberd!
The gnoll closely misses you.
You barely miss the gnoll.
The gnoll is lightly wounded.
The rat bites you but does no damage. The gnoll barely misses you.
The gnoll hits you with a +0 spear.
You are too injured to fight recklessly!
You are too injured to fight recklessly!
You are too injured to fight recklessly!
You are too injured to fight recklessly!
You are too injured to fight recklessly!
You are too injured to fight recklessly!
You are too injured to fight recklessly!
You are too injured to fight recklessly!
You are too injured to fight recklessly!
You are too injured to fight recklessly!
You are too injured to fight recklessly!
You are too injured to fight recklessly!
You are too injured to fight recklessly!
You are too injured to fight recklessly!
You are too injured to fight recklessly!
You closely miss the rat. The rat bites you but does no damage.
The gnoll barely misses you. The gnoll hits you with a +0 spear.
You barely miss the rat. The rat bites you but does no damage.
The gnoll hits you from afar with a +0 halberd!
* * * LOW HITPOINT WARNING * * *
The gnoll hits you with a +0 spear.
* * * LOW HITPOINT WARNING * * *
You hit the rat.
You kill the rat!
Trog accepts your kill.
Your skin stops crawling.
You feel less strong-willed.
The gnoll hits you from afar with a +0 halberd.
* * * LOW HITPOINT WARNING * * *
The gnoll barely misses you.
The gnoll hits you from afar with a +0 spear.
You die...

..>. #.. .. ..g#
#.. #. #..# #..
.###..## #..
.w##g.. #.. #.##..#
#.. #.##..#
#..###.##..#
#..@)gw....# ##+##
######.#######...##
#.....# ##.....##
#.....###.......#
##.....##.........
#.......'...†)....
##.....##......>..
##.#.####.......#
###.# ##.....##


You could see a gnoll and a dart slug.

Vanquished Creatures
  2 gnolls (D:3)
  2 adders (D:2)
  3 worms
  5 dart slugs
  5 endoplasms
  4 giant cockroaches
  6 goblins
  4 hobgoblins
  2 jackals (D:1)
  A quokka (D:2)
  A ball python (D:1)
  5 bats
  4 frilled lizards
  4 kobolds
  7 rats
55 creatures vanquished.

Notes
Turn   | Place    | Note
-------+----------+-------------------------------------------
     0 | D:1      | Gabide the Mummy Berserker began the quest for the Orb.
     0 | D:1      | Reached XP level 1. HP: 18/18 MP: 1/1
   442 | D:1      | Reached XP level 2. HP: 24/24 MP: 2/2
  1242 | D:1      | Gained mutation: You are in touch with the powers of death.
                  | [Mummy growth]
  1242 | D:1      | Reached XP level 3. HP: 29/29 MP: 3/3
  2574 | D:2      | Reached ** piety under Trog
  2631 | D:2      | Reached XP level 4. HP: 37/37 MP: 4/4
  3717 | D:3      | Reached skill level 4 in Fighting
  3731 | D:3      | Slain by a gnoll

Illustrated notes

Levels and vault maps discovered:
D:1:      amcnicky_arrival_choice, layout_basic, serial_forest,
          infiniplex_forest_lined_corner, infiniplex_forest_zigzag_1,
          infiniplex_forest_clump_large, infiniplex_forest_lined_room_3,
          infiniplex_forest_straight_3, infiniplex_forest_clump_tiny,
          infiniplex_forest_clump_curved, infiniplex_forest_fountain,
          infiniplex_forest_clump_curved
D:2:      layout_basic
D:3:      layout_loops_corners, hangedman_decor_peaks_small

Skill      XL: |  1  2  3  4 |
---------------+-------------+-----
Unarmed Combat | 3 |  3.4
Dodging        | 2 |  2.2
Fighting       | 4 |  4.1
Armour         | |  1.5

Action                   |  1- 3 |  4- 6 || total
-------------------------+-------+-------++-------
Melee: Unarmed           |   187 |    65 ||   252
       Punch             |     6 |     3 ||     9
Invok: Trog's Hand       |       |     1 ||     1
  Use: Scroll            |       |     3 ||     3
 Stab: Sleeping          |     1 |       ||     1
Armor: Animal skin       |    11 |       ||    11
       Ring mail         |    56 |    18 ||    74
Dodge: Dodged            |   159 |    32 ||   191
